 Dungeon Crawl Stone Soup version 0.31-a0-233-g139696dc86 (webtiles) character file.

Game seed: 7637464049333150247

104 Demosthentine the Poker (level 4, -17/34 HPs)
             Began as a Demonspawn Gladiator on July 8, 2023.
             Demolished by an ogre
             ... wielding a +0 giant club
              (28 damage)
             ... on level 1 of the Dungeon.
             The game lasted 00:01:17 (1355 turns).

Demosthentine the Poker (Demonspawn Gladiator)      Turns: 1355, Time: 00:01:18

Health: -17/34     AC:  4    Str: 16    XL:     4   Next: 52%
Magic:  4/4        EV: 12    Int:  9    God:
Gold:   44         SH:  0    Dex: 15    Spells: 3/3 levels left

rFire   . . .        a - +0 trident
rCold   . . .        (no shield)
rNeg    . . .        b - +0 leather armour
rPois   .            c - +0 helmet
rElec   .            (no cloak)
rCorr   .            (no gloves)
SInv    .            (no boots)
Will    .....        (no amulet)
Stlth   +            (no ring)
HPRegen 0.25/turn    (no ring)
MPRegen 0.09/turn

%: no passive effects
@: no status effects
A: powered by death 1
a: no special abilities


You were on level 1 of the Dungeon.
You visited 1 branch of the dungeon, and saw 1 of its levels.

You collected 44 gold pieces.

Inventory:

Hand Weapons
 a - a +0 trident (weapon)
Missiles
 e - a javelin
 l - 8 poisoned darts
Armour
 b - a +0 leather armour (worn)
 c - a +0 helmet (worn)
Scrolls
 k - a scroll of identify


   Skills:
 + Level 2.9 Fighting
 + Level 3.3 Polearms
 - Level 1.7 Throwing
 + Level 1.6 Armour
 + Level 3.3 Dodging


You had 3 spell levels left.
You didn't know any spells.
Your spell library contained the following spells:

 Spells                   Type           Power      Damage    Failure   Level
 Frozen Ramparts          Ice            0%         1d1       83%         3
 Ice Form                 Ice/Tmut       0%         N/A       99%         4
 Summon Ice Beast         Ice/Summ       0%         N/A       99%         4


Dungeon Overview and Level Annotations

Branches:
Dungeon (1/15)

Altars:


Innate Abilities, Weirdness & Mutations

You regenerate a little health from kills.


Message History

The ogre struggles against the net.
The net rips apart, and the ogre comes free!
You hit the ogre.
You kill the ogre!
Your Polearms skill increases to level 3!
Your Armour skill increases to level 1!
Your Dodging skill increases to level 3!
You have reached level 3!
Your experience leads to an increase in your attributes!
Increase (S)trength, (I)ntelligence, or (D)exterity?
You feel stronger. x2
You have reached level 4!
You feel agile.
You hit the ogre.
The ogre is lightly wounded.
The ogre hits you with a +0 giant club!
You puncture the ogre!
The ogre is moderately wounded.
You puncture the ogre!
The ogre is severely wounded.
The ogre hits you with a +0 giant club!!
Ouch! That really hurt!
* * * LOW HITPOINT WARNING * * *
You feel much better. The ogre barely misses you.
You hit the ogre.
The ogre is severely wounded.
The ogre hits you with a +0 giant club!!
Ouch! That really hurt!
* * * LOW HITPOINT WARNING * * *
You feel much better.
You hit the ogre but do no damage.
The ogre is severely wounded.
The ogre hits you with a +0 giant club!!
Ouch! That really hurt!
* * * LOW HITPOINT WARNING * * *
You hit the ogre but do no damage.
The ogre is severely wounded.
The ogre hits you with a +0 giant club!!
Ouch! That really hurt!
You die...

...#..#.....#####....#...###.#
....##......8.#o#O...#.......#
.#...........ooo'go..#...##..#
#..##.##.....o..'ooo.#...###.#
..#........)8.#.#.o..#...# #.#
..#.#.......#####....#...# #.#
...##....##o.## ....#...# #.#
..#....#...#oo########...###.#
#...........oooO@........#...#
##########################.#.#
################.........#.###
...............#.###.#####.#
##############.#.###.#...#.#
....#..............#.#.#.#.#
###.#.######.#.#..##.#.#.#.#
#.#..........#[....#.#.#.#
#.########...#.....#.#.#.#


You could see an ogre and 6 orcs.

Vanquished Creatures
  An ogre (D:1)
  A dart slug (D:1)
  A ball python (D:1)
  A bat (D:1)
  An endoplasm (D:1)
  A goblin (D:1)
  2 hobgoblins (D:1)
  2 quokkas (D:1)
  3 frilled lizards (D:1)
  2 kobolds (D:1)
  3 rats (D:1)
18 creatures vanquished.

Notes
Turn   | Place    | Note
-------+----------+-------------------------------------------
     0 | D:1      | Demosthentine the Demonspawn Gladiator began the quest for
                  | the Orb.
     0 | D:1      | Reached XP level 1. HP: 16/16 MP: 1/1
    82 | D:1      | Found a large runed translucent door.
    82 | D:1      | Found a large runed translucent door.
    83 | D:1      | Noticed an ogre
    93 | D:1      | Noticed an ogre
    97 | D:1      | Noticed an ogre
    98 | D:1      | Noticed an ogre
   317 | D:1      | Gained mutation: You regenerate a little health from kills.
                  | [demonic ancestry]
   317 | D:1      | Reached XP level 2. HP: 22/22 MP: 2/2
  1347 | D:1      | Killed an ogre
  1348 | D:1      | Reached skill level 1 in Armour
  1348 | D:1      | Reached XP level 3. HP: 28/28 MP: 3/3
  1348 | D:1      | Reached XP level 4. HP: 34/34 MP: 4/4
  1350 | D:1      | HP: 1/34 [ogre/+0 giant club (22)]
  1355 | D:1      | Demolished by an ogre

Illustrated notes

Levels and vault maps discovered:
D:1:      erik_arrival_cave_to_civilisation [erik_arrival_cave_to_temple],
          layout_basic

Skill      XL: |  1  2 |
---------------+-------+-----
Polearms       | 3 |  3.3
Armour         | 1 |  1.6
Dodging        | 3 |  3.3
Fighting       | |  2.9
Throwing       | |  1.7

Action                     |  1- 3 |  4- 6 || total
---------------------------+-------+-------++-------
  Melee: Trident           |    53 |     6 ||    59
  Throw: Throwing net      |     3 |       ||     3
    Use: Scroll            |     5 |       ||     5
         Potion            |       |     2 ||     2
   Stab: Distracted        |     1 |       ||     1
         Sleeping          |     2 |       ||     2
 Armour: Leather armour    |     9 |       ||     9
  Dodge: Dodged            |    16 |     1 ||    17

Table legend: (Time is in decaauts)
 A = Elapsed time spent in this place.
 B = Non-inter-level travel time spent in this place.
 C = Inter-level travel time spent in this place.
 D = Time resting spent in this place.
 E = Time spent auto-exploring this place.
 F = Levels seen in this place.
 G = Mean time per level.
                   A        B        C        D        E       F      G
               +--------+--------+--------+--------+--------+-----+--------+
         Total |   1364 |   1271 |     93 |      0 |   1067 |   1 | 1364.0 |
       Dungeon |   1364 |   1271 |     93 |      0 |   1067 |   1 | 1364.0 |
               +--------+--------+--------+--------+--------+-----+--------+

Top non-repeatable levels by time:
     D:1: 1364 daAuts
